Map: Ulrena

Players

Shurido

  • Race: Terran Terran
  • League: Silver

capac - Winner!

  • Race: Terran Terran
  • League: Gold

VOD

Have the link to the VOD?

Description

Time

  • Played on: April 25, 2016, 10:36 p.m.
  • Length: 5:16
Show
View Real Time Build Order
Export as new Build Order

Shurido Terran 

Build Orders:  

Get SALT Encoding   

  12  0:01  SCV  
  13  0:19  SCV  
  14  0:26  Supply Depot  
  14  0:31  Supply Depot  
  14  0:44  Supply Depot  
  14  1:02  SCV  
  15  1:09  Barracks  
  15  1:14  SCV  
  16  1:22  Barracks  
  16  1:27  SCV  
  17  1:34  Supply Depot  
  17  1:39  SCV  
  18  1:56  Orbital Command  
  18  1:58  Marine  
  19  2:09  Marine  
  20  2:16  Marine  
  20  2:17  Supply Depot  
  21  2:24  SCV  
  21  2:26  Marine  
  23  2:34  Marine  
  23  2:36  SCV  
  25  2:41  Supply Depot  
  25  2:44  Marine  
  25  2:48  SCV  
  27  2:51  Marine  
  27  2:55  Refinery  
  28  3:36  Refinery  
  28  3:48  Command Center  
  28  4:02  Barracks  
  28  4:03  Barracks  
  28  4:19  Factory  
  28  4:24  SCV  
  29  4:46  SCV  
  29  4:51  Barracks Tech Lab  
Show
View Real Time Build Order
Export as new Build Order

capac Terran - Winner!

Build Orders: Banshee Rush 

Get SALT Encoding   

  12  0:00  SCV  
  13  0:13  SCV  
  14  0:18  Supply Depot  
  14  0:25  SCV  
  15  0:39  SCV  
  15  0:41  Barracks  
  16  0:47  Refinery  
  16  0:54  SCV  
  17  1:07  SCV  
  18  1:19  SCV  
  19  1:29  Marine  
  20  1:35  Supply Depot  
  20  1:40  Refinery, Orbital Command  
  20  1:50  Marine  
  21  2:00  Factory  
  21  2:08  Barracks Tech Lab  
  21  2:11  SCV  
  22  2:22  Barracks  
  22  2:27  Marine  
  23  2:35  SCV  
  24  2:47  Starport  
  24  2:48  Factory Tech Lab  
  24  2:49  Starport  
  24  2:50  SCV  
  25  2:53  Marine  
  26  3:02  SCV  
  27  3:14  Marine, SCV  
  29  3:42  Cloaking Field  
  29  3:49  Banshee x2  
  29  3:53  Supply Depot  
  29  3:54  Engineering Bay  
  35  4:00  Factory Tech Lab  
  35  4:06  Marine x2  
  37  4:14  SCV  
  38  4:23  Supply Depot  
  38  4:26  Barracks  
  38  4:32  Banshee  
  44  4:39  Barracks Tech Lab  
  44  4:41  Marine  
Tags
 
Matchup
TvT
Race
Terran
Strategy
Banshee Rush
Add a new tag
Caveats
  • Supply blocks, unpowered buildings, or Contaminate may cause inaccurate times.
  • Supply counts are checked every 10 seconds.